Map: Ascension to Aiur LE

Players

Augne

  • Race: Zerg Zerg
  • League: Diamond
  • Spawn Location: 11:00

Bourbond - Winner!

  • Race: Terran Terran
  • League: Master
  • Spawn Location: 5:00

VOD

Have the link to the VOD?

Description

Time

  • Played on: Dec. 25, 2017, 2:39 p.m.
  • Length: 12:18
Show
View Real Time Build Order
Export as new Build Order

Augne Zerg 

Build Orders: Hatch First 

Get SALT Encoding   

  12  0:04  Drone  
  13  0:14  Overlord  
  13  0:23  Drone  
  14  0:33  Drone  
  14  0:34  Drone  
  16  0:39  Drone  
  17  0:53  Hatchery  
  17  0:56  Drone  
  17  1:00  Extractor  
  17  1:02  Drone  
  17  1:17  Spawning Pool  
  16  1:20  Drone  
  16  1:24  Drone  
  18  1:30  Drone  
  19  1:44  Overlord  
  19  2:04  Zergling x4  
  19  2:05  Queen x2  
  25  2:11  Metabolic Boost  
  25  2:18  Drone  
  25  2:19  Drone  
  25  2:20  Drone  
  28  2:37  Spore Crawler  
  28  2:46  Queen x2  
  28  2:47  Drone  
  28  2:48  Drone x2  
  35  2:53  Overlord  
  35  3:03  Drone  
  35  3:04  Overlord  
  36  3:18  Drone x4  
  40  3:39  Hatchery  
  40  3:40  Drone x6  
  45  3:43  Lair  
  45  3:49  Extractor  
  44  4:00  Zergling x10  
  44  4:02  Spine Crawler  
  48  4:05  Baneling Nest, Drone  
  48  4:06  Drone  
  49  4:13  Queen  
  51  4:17  Drone  
  51  4:18  Overlord  
  52  4:38  Overlord  
  52  4:39  Drone  
  52  4:40  Drone x2  
  52  4:41  Overlord  
  52  4:42  Drone x2  
  52  4:43  Drone x2  
  59  5:00  Zergling x4  
  59  5:01  Zergling x2  
  59  5:02  Baneling x3  
  61  5:11  Baneling x2, Extractor x2  
  55  5:16  Drone  
  55  5:17  Zergling x8  
  51  5:22  Drone  
  51  5:23  Drone  
  53  5:36  Spore Crawler  
  53  5:39  Spore Crawler  
  51  5:44  Zergling x2  
  51  5:45  Zergling x14  
  51  5:48  Baneling x4  
  58  5:54  Spore Crawler  
  53  6:00  Drone x4  
  53  6:01  Overlord  
  56  6:09  Drone  
  56  6:10  Drone x6  
  61  6:17  Drone x2  
  63  6:31  Drone x7  
  70  6:36  Drone x4  
  74  6:42  Evolution Chamber, Centrifical Hooks  
  73  6:48  Baneling x4  
  73  7:00  Overseer  
  70  7:05  Drone  
  70  7:06  Drone x11  
  81  7:10  Zerg Melee Weapons Level 1  
  81  7:11  Extractor x2  
  81  7:15  Evolution Chamber  
  78  7:23  Overlord x4  
  78  7:33  Overlord  
  77  7:39  Roach Warren  
  76  7:52  Drone x2  
  76  7:53  Drone  
  76  7:54  Drone x2  
  76  7:55  Drone  
  76  7:56  Drone  
  76  7:57  Drone x3  
  86  8:01  Zergling x6  
  86  8:02  Zergling x2  
  90  8:15  Overlord  
  90  8:19  Zerg Missile Weapons Level 1  
  90  8:24  Infestation Pit, Drone x3  
  90  8:25  Hydralisk Den  
  89  8:29  Glial Reconstitution  
  89  8:30  Roach  
  89  8:31  Roach x11  
  113  8:41  Drone x2  
  115  9:01  Overlord x3  
  106  9:10  Roach x3  
  106  9:12  Overlord x4  
  112  9:19  Queen  
  114  9:26  Ravager x5  
  114  9:27  Ravager x2  
  114  9:30  Muscular Augments  
  114  9:31  Zerg Ground Armor Level 1  
  121  9:50  Hatchery  
  119  9:54  Queen  
  119  10:01  Roach  
  119  10:02  Roach x18, Hydralisk  
  150  10:15  Hydralisk  
  150  10:16  Hydralisk x2  
  149  10:25  Queen  
  148  10:42  Extractor  
  147  10:52  Extractor  
  147  10:54  Hatchery  
  147  10:56  Overlord x4  
  145  11:00  Hive  
  145  11:05  Drone x4  
  113  11:21  Hydralisk x4  
  113  11:22  Roach, Hydralisk x2  
  113  11:23  Roach x8  
  121  11:36  Hydralisk x5  
  121  11:39  Queen  
  117  11:55  Roach  
Show
View Real Time Build Order
Export as new Build Order

Bourbond Terran - Winner!

Build Orders: Hellion Opening, Reaper Expand, Mech 

Get SALT Encoding   

  12  0:00  SCV  
  13  0:13  SCV  
  14  0:17  Supply Depot  
  14  0:25  SCV  
  15  0:29  Refinery  
  15  0:39  SCV  
  16  0:45  Barracks  
  16  0:51  SCV  
  17  1:03  SCV  
  18  1:15  SCV  
  19  1:32  Orbital Command  
  19  1:33  Reaper  
  20  1:48  Command Center  
  20  1:58  Factory  
  20  2:01  SCV  
  20  2:07  Barracks Reactor  
  21  2:12  Refinery  
  21  2:14  SCV  
  22  2:21  Supply Depot  
  22  2:26  SCV  
  23  2:43  SCV  
  24  2:47  Starport  
  26  2:51  Hellion x2  
  26  2:55  SCV  
  29  3:02  Orbital Command  
  29  3:07  SCV  
  32  3:13  Hellion  
  32  3:15  Hellion  
  34  3:23  SCV  
  35  3:30  SCV  
  36  3:36  Supply Depot, SCV  
  36  3:38  Hellion x2  
  40  3:42  SCV  
  40  3:45  Medivac  
  44  3:48  SCV  
  44  3:54  Supply Depot, SCV  
  45  4:00  Hellion, SCV  
  48  4:07  SCV  
  49  4:12  Armory, Barracks Tech Lab  
  49  4:14  SCV  
  50  4:19  SCV  
  50  4:21  Supply Depot  
  51  4:24  Supply Depot  
  51  4:26  SCV  
  53  4:31  SCV  
  53  4:39  SCV  
  53  4:44  SCV  
  55  4:48  Command Center  
  55  4:51  Hellion x2  
  59  4:53  Refinery  
  59  4:54  Refinery  
  59  5:04  SCV  
  60  5:14  Banshee, Hellion x2  
  63  5:25  SCV  
  63  5:26  Terran Vehicle Weapons Level 1, SCV  
  59  5:29  Armory  
  59  5:31  Factory  
  59  5:32  Factory  
  57  5:38  SCV  
  58  5:54  SCV  
  58  5:57  Viking, Hellion x2  
  61  5:58  SCV  
  61  6:00  Orbital Command  
  62  6:06  SCV  
  62  6:08  Factory  
  62  6:09  Factory  
  55  6:18  Terran Vehicle And Ship Armor Level 1  
  55  6:19  Engineering Bay  
  55  6:21  Factory Tech Lab  
  55  6:25  SCV x2  
  55  6:30  Barracks Reactor  
  58  6:32  SCV  
  58  6:38  Hellion x2, Infernal Pre-Igniter  
  58  6:39  Siege Tank  
  65  6:40  Siege Tank  
  65  6:45  SCV  
  65  6:47  Supply Depot  
  69  6:51  SCV  
  69  6:52  SCV  
  71  7:00  SCV  
  72  7:03  Hellion  
  72  7:04  Hellion, SCV  
  72  7:08  Factory Tech Lab  
  77  7:09  Factory Reactor  
  77  7:12  Thor  
  77  7:14  Thor  
  89  7:19  Orbital Command  
  89  7:28  Missile Turret  
  89  7:29  Refinery  
  89  7:30  Terran Vehicle Weapons Level 2  
  89  7:38  Missile Turret  
  89  7:39  SCV x2, Refinery  
  91  7:45  SCV  
  92  7:51  SCV x2  
  92  7:57  SCV  
  99  7:59  Hellion  
  99  8:04  Medivac  
  99  8:05  SCV x2  
  101  8:20  Supply Depot x3  
  101  8:25  Command Center  
  101  8:42  Siege Tank x3, Hellion x4, Medivac, SCV x3  
  101  8:45  Medivac  
  125  8:51  Missile Turret  
  125  8:52  Sensor Tower  
  125  8:53  Missile Turret  
  125  9:03  SCV x2  
  125  9:06  Hellion  
  123  9:11  Smart Servos, SCV  
  123  9:13  Rapid Fire Launchers  
  123  9:14  Siege Tank  
  123  9:15  SCV  
  124  9:20  Command Center  
  124  9:30  Siege Tank  
  124  9:36  Siege Tank  
  124  9:37  Hellion x4  
  135  9:39  Terran Vehicle And Ship Armor Level 2  
  135  9:40  Supply Depot  
  135  9:46  Siege Tank  
  130  10:02  Siege Tank  
  131  10:09  Siege Tank  
  134  10:15  Sensor Tower, Hellion x3  
  134  10:18  Siege Tank  
  143  10:23  Command Center  
  143  10:26  Hellion  
  139  10:34  Siege Tank  
  142  10:38  Command Center  
  142  10:39  Supply Depot  
  142  10:40  Supply Depot, Viking  
  142  10:41  Siege Tank  
  147  10:43  Starport  
  147  10:47  Starport  
  147  10:50  Siege Tank  
  147  10:53  Planetary Fortress  
  150  10:57  Refinery  
  150  11:01  Refinery  
  150  11:06  Siege Tank  
  153  11:13  Siege Tank  
  143  11:25  Thor  
  139  11:26  Hellion x4  
  139  11:27  Starport Tech Lab x2  
  153  11:50  Hellion  
  153  11:51  Hellion x3  
  173  11:56  SCV  
  173  11:59  SCV  
Tags
 
Add a new tag
Caveats
  • Supply blocks, unpowered buildings, or Contaminate may cause inaccurate times.
  • Supply counts are checked every 10 seconds.